 Dungeon Crawl Stone Soup version 0.29-a0-330-g52719c12eb (webtiles) character file.

Game seed: 1270872544900870025

107 kae the Firebug (level 4, -2/33 HPs)
             Began as a Demigod Fire Elementalist on Apr 27, 2022.
             Slain by a worm (9 damage)
             ... on level 3 of the Dungeon.
             The game lasted 00:02:16 (2983 turns).

kae the Firebug (Demigod Fire Elementalist)         Turns: 2983, Time: 00:02:17

Health: -2/33      AC:  6    Str:  9    XL:     4   Next: 32%
Magic:  8/10       EV: 10    Int: 21    God:
Gold:   129        SH:  0    Dex: 18    Spells: 2/8 levels left

rFire   . . .      SeeInvis .   g - +2 mace (freeze)
rCold   . . .      Faith    .   (no shield)
rNeg    . . .      Spirit   .   i - +0 ring mail of the Glamorous God {Dex+4}
rPois   .          Reflect  .   h - +0 helmet
rElec   .          Harm     .   (no cloak)
rCorr   .          Rampage  .   (no gloves)
Will    .....                   (no boots)
Stlth   +.........              (no amulet)
HPRegen 0.11/turn               (no ring)
MPRegen 0.12/turn               (no ring)

@: no status effects
A: high MP 1, forlorn, divine attributes
a: no special abilities


You were on level 3 of the Dungeon.
You visited 1 branch of the dungeon, and saw 3 of its levels.

You collected 129 gold pieces.

Inventory:

Hand Weapons
 g - a +2 mace of freezing (weapon)
Armour
 h - a +0 helmet (worn)
 i - the +0 ring mail of the Glamorous God (worn) {Dex+4}
   (You found it on level 2 of the Dungeon)

   Dex:       It affects your dexterity (+4).
Potions
 a - a potion of ambrosia {unknown}
 b - a potion of magic
 c - a potion of invisibility {unknown}
 e - 2 potions of mutation
 f - a potion of curing


   Skills:
 + Level 0.4 Armour
 - Level 1.7 Dodging
 - Level 1.7 Stealth
 + Level 2.7 Spellcasting
 + Level 2.3 Conjurations
 + Level 3.5 Fire Magic


You had 2 spell levels left.
You knew the following spells:

 Your Spells              Type           Power      Damage    Failure   Level
a - Foxfire               Conj/Fire      60%        2x1d7     12%         1
b - Scorch                Fire           34%        2d6       14%         2
c - Conjure Flame         Conj/Fire      15%        6-21      34%         3

Your spell library contained the following spells:

 Spells                   Type           Power      Damage    Failure   Level
 Animate Skeleton         Necr           4%         N/A       36%         1
 Apportation              Tloc           4%         N/A       36%         1
 Summon Small Mammal      Summ           8%         N/A       36%         1
 Inner Flame              Hex/Fire       10%        N/A       50%         3
 Flame Wave               Conj/Fire      15%        2d6       75%         4


Dungeon Overview and Level Annotations

Branches:
Dungeon (3/15)

Annotations:
D:2 1 runed translucent door, Crazy Yiuf


Innate Abilities, Weirdness & Mutations

You have an increased reservoir of magic. (+10% MP)
You shall have no god before yourself.
Your divine heritage dramatically boosts your attributes as you level up.


Message History

The endoplasm freezes you.
You are frozen.
You sock the endoplasm! You freeze the endoplasm.
You kill the endoplasm!
Casting: Scorch (safe; 14% risk of failure)
Confirm with . or Enter, or press ? or * to list all spells.
You can't see any susceptible monsters within range! (Use Z to cast anyway.)
You open the door. 2 quokkas come into view.
Found a scroll of teleportation.
Found a stone staircase leading down.
You close the door.
You start resting.
A worm is nearby!
Casting: Scorch (safe; 14% risk of failure)
Confirm with . or Enter, or press ? or * to list all spells.
You conjure some foxfire!
The foxfire hits the worm.
The worm is lightly wounded.
Casting: Foxfire (safe; 12% risk of failure)
Confirm with . or Enter, or press ? or * to list all spells.
You conjure some foxfire!
The foxfire hits the worm.
The worm is heavily wounded.
The worm barely misses you.
You barely miss the worm.
The worm is moderately wounded.
The worm bites you!
You are too injured to fight recklessly!
You are too injured to fight recklessly!
You are too injured to fight recklessly!
You are too injured to fight recklessly!
You are too injured to fight recklessly!
You thump the worm! You freeze the worm.
The worm is heavily wounded.
The worm bites you!
* * * LOW HITPOINT WARNING * * *
You hit the worm. You freeze the worm.
The worm is severely wounded.
The worm bites you!
You die...

...#+##.#........
......#.#........
.../......#......
.....#.###......
... +.....##+## .
#.###..#. #.#
.$.. #w# .....
#@#......
#.+.....>
###..?..# rr..#
...# ... .. .


You could see a worm.

Vanquished Creatures
  Robin (D:2)
  An adder (D:2)
  An ufetubus (D:3)
  A dart slug (D:1)
  7 endoplasms
  13 goblins
  11 hobgoblins
  6 jackals
  4 quokkas
  5 ball pythons
  5 bats
  5 frilled lizards
  5 kobolds
  7 rats
72 creatures vanquished.

Vanquished Creatures (others)
  A butterfly (D:3)
  184 foxfires
185 creatures vanquished.

Grand Total: 257 creatures vanquished

Notes
Turn   | Place    | Note
-------+----------+-------------------------------------------
     0 | D:1      | kae the Demigod Fire Elementalist began the quest for the
                  | Orb.
     0 | D:1      | Reached XP level 1. HP: 14/14 MP: 5/5
   161 | D:1      | Reached skill level 1 in Conjurations
   463 | D:1      | Reached XP level 2. HP: 20/20 MP: 4/7
   468 | D:1      | Learned a level 2 spell: Scorch
   661 | D:1      | Reached skill level 3 in Fire Magic
  1545 | D:2      | Reached XP level 3. HP: 26/26 MP: 2/9
  1549 | D:2      | Learned a level 3 spell: Conjure Flame
  1949 | D:2      | Noticed Robin
  1959 | D:2      | Killed Robin
  2364 | D:2      | Reached XP level 4. HP: 33/33 MP: 7/10
  2373 | D:2      | Identified the +0 ring mail of the Glamorous God {Dex+4}
  2574 | D:2      | Found a runed translucent door.
  2575 | D:2      | Noticed Crazy Yiuf
  2914 | D:3      | Noticed a water moccasin
  2983 | D:3      | Slain by a worm

Illustrated notes

Levels and vault maps discovered:
D:1:      shiori_arrival_oz, layout_loops_cross,
          corexii_item_surrounded_by_moat, minmay_distorted
D:2:      layout_rooms, uniq_robin, uniq_crazy_yiuf_cottage
D:3:      layout_basic, nicolae_elyvilon_peaceful_grove,
          hellmonk_ecumenical_altar_pennies_from_heaven

Skill      XL: |  1  2  3 |
---------------+----------+-----
Conjurations   | 1 2 |  2.3
Spellcasting   | 2 |  2.7
Fire Magic     | 3 |  3.5
Armour         | |  0.4
Dodging        | |  1.7
Stealth        | |  1.7

Action                   |  1- 3 |  4- 6 || total
-------------------------+-------+-------++-------
Melee: Unarmed           |     1 |     4 ||     5
       Mace              |       |     9 ||     9
 Cast: Foxfire           |    98 |    10 ||   108
       Scorch            |     5 |    15 ||    20
  Use: Scroll            |     3 |     3 ||     6
       Potion            |     1 |       ||     1
Armor: Robe              |     7 |       ||     7
       Ring mail         |       |    13 ||    13
Dodge: Dodged            |    25 |    12 ||    37

Table legend: (Time is in decaauts)
 A = Elapsed time spent in this place.
 B = Non-inter-level travel time spent in this place.
 C = Inter-level travel time spent in this place.
 D = Time resting spent in this place.
 E = Time spent auto-exploring this place.
 F = Levels seen in this place.
 G = Mean time per level.
                   A        B        C        D        E       F      G
               +--------+--------+--------+--------+--------+-----+--------+
         Total |   2989 |   2960 |     29 |    223 |   2236 |   3 |  996.3 |
       Dungeon |   2989 |   2960 |     29 |    223 |   2236 |   3 |  996.3 |
               +--------+--------+--------+--------+--------+-----+--------+

Top non-repeatable levels by time:
     D:1: 1529 daAuts
     D:2: 1200 daAuts
     D:3: 258 daAuts
